 Dungeon Crawl Stone Soup version 0.19.5 (webtiles) character file.

77 JeffiDaFish the Skirmisher (level 4, -5/42 HPs)
             Began as a Naga Fighter on Sept 3, 2017.
             Slain by JeffiDaFish's ghost (7 damage)
             ... on level 3 of the Dungeon.
             The game lasted 00:06:03 (2144 turns).

JeffiDaFish the Skirmisher (Naga Fighter)           Turns: 2144, Time: 00:06:03

Health: -5/42      AC:  5    Str: 18    XL:     4   Next: 33%
Magic:  4/4        EV:  5    Int:  8    God:
Gold:   67         SH:  9    Dex: 14    Spells: 0 memorised, 3 levels left

rFire  . . .     SeeInvis +     a - +0 long sword
rCold  . . .     Gourm    .     b - +0 scale mail
rNeg   . . .     Faith    .     c - +0 shield
rPois  +         Spirit   .     (no helmet)
rElec  .         Reflect  .     (no cloak)
rCorr  .         Harm     .     (no gloves)
MR     .....                    (no barding)
Stlth  ..........               (no amulet)
                                (no ring)
                                (no ring)

@: very slow
A: see invisible, agile 1, deformed body, poison resistance, slowness 2, slow
metabolism 1, spit poison 2, AC +1
a: Breathe Poison Gas


You were on level 3 of the Dungeon.
You were not hungry.

You visited 1 branch of the dungeon, and saw 3 of its levels.

You collected 67 gold pieces.

Inventory:

Hand Weapons
 a - a +0 long sword (weapon)
Armour
 b - a +0 scale mail (worn)
 c - a +0 shield (worn)
 i - a +0 chain mail
Scrolls
 e - 3 scrolls of identify
 h - a scroll of remove curse
Potions
 d - a potion of might
Comestibles
 f - a bread ration
 g - a chunk of flesh


   Skills:
 + Level 3.4 Fighting
 + Level 2.6 Long Blades
 + Level 3.0 Armour
 + Level 0.2 Dodging
 + Level 3.0 Shields


You had 3 spell levels left.
You didn't know any spells.

Dungeon Overview and Level Annotations

Branches:
Dungeon (3/15)

Altars:
Ashenzari
Trog
Yredelemnul

Annotations:
D:3 JeffiDaFish's ghost, amateur GrFi


Innate Abilities, Weirdness & Mutations

You cannot wear boots.
Your serpentine skin is tough. (AC +1)
You have supernaturally acute eyesight. (SInv)
Armour fits poorly on your strangely shaped body.
Your system is resistant to poisons. (rPois)
You cover ground very slowly.
You have a slow metabolism.
You can exhale a cloud of poison.
You are agile. (Dex +2)


Message History

JeffiDaFish's ghost is lightly damaged.
You block JeffiDaFish's ghost's attack.
You hit JeffiDaFish's ghost but do no damage.
JeffiDaFish's ghost is lightly damaged.
JeffiDaFish's ghost hits you.
You hit JeffiDaFish's ghost.
JeffiDaFish's ghost is moderately damaged.
JeffiDaFish's ghost hits you! JeffiDaFish's ghost hits you.
You barely miss JeffiDaFish's ghost.
JeffiDaFish's ghost is moderately damaged.
You block JeffiDaFish's ghost's attack.
You hit JeffiDaFish's ghost but do no damage.
JeffiDaFish's ghost is moderately damaged.
You block JeffiDaFish's ghost's attack.
You hit JeffiDaFish's ghost but do no damage.
JeffiDaFish's ghost is moderately damaged.
JeffiDaFish's ghost hits you!
* * * LOW HITPOINT WARNING * * *
JeffiDaFish's ghost hits you!
You die...

#.# ####.# #. #.#
###....###.##.####
........ ........##
.......###<.......
.......#....#.##.#
.......#....#.##.#######
.....#.#....#...W.......
.....#.#........@.......
.....(......#.##.#.....#
...........##.##.# ..?.#
........#..##.##.# ...#
.##.....#..##.##.# ..#
..+.....+..##.##.+ ..
###.....#..##.#### # #
#.....#..##.# #
#.....#......


You could see JeffiDaFish's ghost.

Vanquished Creatures
  2 adders (D:2)
  An ooze (D:1)
  2 dart slugs (D:2)
  A leopard gecko (D:1)
  7 bats
  A giant cockroach (D:1)
  9 hobgoblins
  4 jackals (D:1)
  3 ball pythons
  9 frilled lizards
  4 goblins
  3 kobolds
  3 rats (D:1)
49 creatures vanquished.

Notes
Turn   | Place    | Note
-------+----------+-------------------------------------------
     0 | D:1      | JeffiDaFish the Naga Fighter began the quest for the Orb.
     0 | D:1      | Reached XP level 1. HP: 21/21 MP: 1/1
   253 | D:1      | Reached XP level 2. HP: 28/28 MP: 2/2
   530 | D:1      | Gained mutation: You can exhale a cloud of poison. [potion of mutation]
   530 | D:1      | Gained mutation: You are agile. (Dex +2) [potion of mutation]
   545 | D:1      | Reached XP level 3. HP: 18/34 MP: 3/3
  1166 | D:2      | Found a bloodstained altar of Trog.
  1506 | D:2      | Reached XP level 4. HP: 39/42 MP: 4/4
  1979 | D:2      | Found a basalt altar of Yredelemnul.
  2109 | D:3      | Found a shattered altar of Ashenzari.
  2136 | D:3      | Noticed JeffiDaFish's ghost (amateur GrFi)
  2144 | D:3      | HP: 2/42 [JeffiDaFish's ghost (12)]
  2144 | D:3      | Slain by JeffiDaFish's ghost

Skill      XL: |  1  2  3  4 |
---------------+-------------+-----
Armour         | 3 |  3.0
Shields        | 3 |  3.0
Fighting       | |  3.4
Long Blades    | |  2.6
Dodging        | |  0.2

Action                   |  1- 3 |  4- 6 || total
-------------------------+-------+-------++-------
Melee: Long sword        |   128 |    66 ||   194
 Abil: Breathe Poison Ga |     2 |       ||     2
  Use: Scroll            |     6 |       ||     6
       Potion            |     2 |       ||     2
  Eat: Chunk             |     2 |     2 ||     4
Armor: Scale mail        |    75 |    33 ||   108
Dodge: Dodged            |    39 |     5 ||    44
Block: Shield            |    81 |    25 ||   106
       Rpst.: Long sword |     8 |     3 ||    11
